 Dungeon Crawl Stone Soup version 0.31-a0-625-gc9c7e45f3f (webtiles) character file.

Game seed: 2723549361795225951

46 Ijustatesigmund the Trooper (level 3, -5/24 HPs)
             Began as a Gargoyle Fighter on Aug 24, 2023.
             Killed by nerve-wracking pain
             ... invoked by Jessica
              (6 damage)
             ... on level 2 of the Dungeon.
             The game lasted 00:01:14 (1024 turns).

Ijustatesigmund the Trooper (Gargoyle Fighter)      Turns: 1024, Time: 00:01:14

Health: -5/24      AC: 10    Str: 19    XL:     3   Next: 68%
Magic:  3/3        EV:  9    Int: 10    God:
Gold:   52         SH:  4    Dex:  9    Spells: 2/2 levels left

rFire   . . .        a - +0 flail
rCold   . . .        c - +0 buckler
rNeg    + . .        b - +0 scale mail
rPois   ∞            (no helmet)
rElec   +            (no cloak)
rCorr   .            (no gloves)
SInv    .            (no boots)
Will    .....        (no amulet) Stlth
                     (no ring)
HPRegen 0.24/turn    (no ring)
MPRegen 0.08/turn

%: no passive effects
@: hasted, very quick
A: sickness immunity, AC +3, negative energy resistance 1, electricity
resistance, torment resistance 1, petrification resistance
a: no special abilities


You were on level 2 of the Dungeon.
You visited 1 branch of the dungeon, and saw 2 of its levels.

You collected 52 gold pieces.

Inventory:

Hand Weapons
 a - a +0 flail (weapon)
Armour
 b - a +0 scale mail (worn)
 c - a +0 buckler (worn)
Scrolls
 e - a scroll of silence {unknown}
 f - 3 scrolls of identify {unknown}
 h - a scroll of amnesia {unknown}
 j - a scroll of torment {unknown}
Potions
 d - 2 potions of might


   Skills:
 + Level 4.2 Fighting
 + Level 3.1 Maces & Flails
 - Level 3.2 Armour
 - Level 3.2 Shields


You had 2 spell levels left.
You didn't know any spells.
Your spell library was empty.

Dungeon Overview and Level Annotations

Branches:
Dungeon (2/15)

Altars:

Annotations:
D:2 Jessica


Innate Abilities, Weirdness & Mutations

You are immune to sickness and miasma.
Your stone body is resilient. (AC +3)
You are immune to poison.
You resist negative energy. (rN+)
You are resistant to electric shocks. (rElec)
You are resistant to unholy torment.
You are immune to petrification.


Message History

The goblin barely misses you.
The kobold hits you but does no damage. x2
Jessica gestures at you while chanting. You resist with some effort.
You barely miss Jessica. Jessica hits you but does no damage.
The goblin barely misses you. The kobold hits you with a +0 dagger.
The kobold barely misses you. Jessica hits you with a +0 club.
You closely miss Jessica.
A goblin comes into view. It is wielding a +0 dagger.
The goblin barely misses you. Jessica hits you but does no damage.
The kobold hits you but does no damage.
The kobold hits you with a +0 short sword.
The goblin hits you but does no damage. Jessica hits you with a +0 club.
The kobold barely misses you.
The kobold hits you with a +0 short sword.
* * * LOW HITPOINT WARNING * * *
The goblin moves out of view.
You hit Jessica.
Jessica is heavily wounded.
Jessica barely misses you. The goblin hits you but does no damage.
The kobold hits you but does no damage. x2
You closely miss Jessica.
Jessica is heavily wounded.
Jessica hits you with a +0 club.
* * * LOW HITPOINT WARNING * * *
Jessica closely misses you. The goblin barely misses you.
The kobold hits you but does no damage.
The kobold hits you with a +0 short sword.
* * * LOW HITPOINT WARNING * * *
It was a potion of haste.
You feel yourself speed up. Jessica hits you but does no damage.
The goblin hits you but does no damage. The kobold hits you with a +0 dagger.
* * * LOW HITPOINT WARNING * * *
The kobold hits you but does no damage. Jessica gestures at you while chanting.
You barely resist.
It was a potion of magic.
Magic courses through your body. The goblin barely misses you.
You block the kobold's attack. Jessica casts a spell at you.
Pain shoots through your body!
You die...

.# ....... ..#
....... ...
###.......
.##.##.........
..............
............ #
........Kg# .#
......K@@##..#. ..
.##.............
...................
...####............
.....#.....##..###.
............##.#
.............#.#
...........<.#.#
..........)..#


You could see Jessica (fast), a goblin and 2 kobolds.

Vanquished Creatures
  A worm (D:2)
  3 dart slugs (D:1)
  2 bats
  2 endoplasms (D:1)
  A giant cockroach (D:1)
  A goblin (D:1)
  4 hobgoblins (D:1)
  5 jackals (D:1)
  4 ball pythons
  2 frilled lizards (D:1)
  4 kobolds
  8 rats
37 creatures vanquished.

Notes
Turn   | Place    | Note
-------+----------+-------------------------------------------
     0 | D:1      | Ijustatesigmund the Gargoyle Fighter began the quest for
                  | the Orb.
     0 | D:1      | Reached XP level 1. HP: 14/14 MP: 1/1
    90 | D:1      | Reached XP level 2. HP: 19/19 MP: 2/2
   376 | D:1      | Reached XP level 3. HP: 24/24 MP: 3/3
   469 | D:1      | Reached skill level 4 in Fighting
  1015 | D:2      | Noticed Jessica
  1023 | D:2      | HP: 1/24 [kobold/+0 dagger (3)]
  1024 | D:2      | Killed from afar by Jessica

Illustrated notes

Levels and vault maps discovered:
D:1:      tarquinn_simple_flora_water_d, layout_loops_corners
D:2:      layout_rooms, serial_curves, eino_curves_04, eino_curves_03,
          uniq_jessica

Skill      XL: |  1  2  3 |
---------------+----------+-----
Fighting       | 4 |  4.2
Maces & Flails | 3 |  3.1
Armour         | |  3.2
Shields        | |  3.2

Action                     || total
---------------------------++-------
  Melee: Flail             ||   122
    Use: Potion            ||     2
 Armour: Scale mail        ||    81
  Dodge: Dodged            ||    98
  Block: Buckler           ||    38

Table legend: (Time is in decaauts)
 A = Elapsed time spent in this place.
 B = Non-inter-level travel time spent in this place.
 C = Inter-level travel time spent in this place.
 D = Time resting spent in this place.
 E = Time spent auto-exploring this place.
 F = Levels seen in this place.
 G = Mean time per level.
                   A        B        C        D        E       F      G
               +--------+--------+--------+--------+--------+-----+--------+
         Total |   1061 |   1019 |     42 |      0 |    775 |   2 |  530.5 |
       Dungeon |   1061 |   1019 |     42 |      0 |    775 |   2 |  530.5 |
               +--------+--------+--------+--------+--------+-----+--------+

Top non-repeatable levels by time:
     D:1: 981 daAuts
     D:2: 80 daAuts
